 Dungeon Crawl Stone Soup version 0.19-a0-1013-g40768a3 (webtiles) character file.

2664 HAL9000 the Basher (level 9, -1/102 HPs)
             Began as an Ogre Berserker on July 24, 2016.
             Was an Elder of Trog.
             Slain by a killer bee (4 damage)
             ... on level 7 of the Dungeon.
             The game lasted 00:12:37 (6451 turns).

HAL9000 the Basher (Ogre Berserker)                 Turns: 6451, Time: 00:12:38

Health: -1/102     AC:  7    Str: 24    XL:     9   Next: 63%
Magic:  9/9        EV: 10    Int:  6    God:    Trog [****..]
Gold:   256        SH:  0    Dex: 12    Spells: 0 memorised, 8 levels left

rFire  + . .     SeeInvis .     M - +2 morningstar (holy)
rCold  + . .     Gourm    .     Q - +2 robe {rC+}
rNeg   . . .     Faith    .     (no shield)
rPois  .         Spirit   .     (helmet restricted)
rElec  .         Dismiss  .     x - +1 cloak
rCorr  .         Reflect  .     (gloves unavailable)
SustAt .         Harm     .     (boots unavailable)
MR     .....                    (no amulet)
Stlth  ++........               F - ring of protection from fire
                                m - ring of stealth

@: lethally poisoned (-1 -> -24), not resistant to hostile enchantments,
unstealthy
A: unfitting armour, tough skin 1
a: Berserk, Trog's Hand, Brothers in Arms, Burn Spellbooks, Renounce Religion


You were on level 7 of the Dungeon.
You worshipped Trog.
Trog was greatly pleased with you.
You were not hungry.

You visited 1 branch of the dungeon, and saw 7 of its levels.

You collected 256 gold pieces.

Inventory:

Hand Weapons
 D - a +0 giant club
 M - a +2 morningstar of holy wrath (weapon)
Missiles
 N - 3 large rocks (quivered)
Armour
 x - a +1 cloak (worn)
 Q - a +2 robe of cold resistance (worn)
Jewellery
 m - a ring of stealth (left hand)
 n - an uncursed ring of see invisible
 F - a ring of protection from fire (right hand)
Wands
 v - a wand of acid (15/15)
 K - a wand of lightning (3/15)
Scrolls
 h - 3 scrolls of identify
 j - 5 scrolls of remove curse
 y - a scroll of immolation
 E - a scroll of amnesia
 O - a scroll of teleportation {unknown}
 U - a scroll of enchant weapon {unknown}
Potions
 e - a potion of invisibility {unknown}
 f - a potion of resistance {unknown}
 i - a potion of curing
 k - 5 potions of flight
 o - a potion of ambrosia {unknown}
 p - 3 potions of lignification {unknown}
 u - 2 potions of heal wounds {unknown}
 A - 2 potions of mutation {unknown}
 J - 3 potions of haste
Books
 z - a book of the Tempests

   Spells                             Type                      Level
   a - Static Discharge               Conjuration/Air              3
   b - Lightning Bolt                 Conjuration/Air              5
   c - Fireball                       Conjuration/Fire             5
   d - Tornado                        Air                          9
   e - Shatter                        Earth                        9
   Trog disapproves of the use of such an item.
Comestibles
 c - 5 bread rations
 q - a royal jelly
 r - 2 meat rations
 w - 3 beef jerkies
 R - 4 fruits
 S - 3 chunks of flesh
 T - a slice of pizza


   Skills:
 + Level 10.4 Fighting
 * Level 13.6 Maces & Flails
 - Level 2.6 Dodging


You had 8 spell levels left.
You didn't know any spells.

Dungeon Overview and Level Annotations

Branches:
Dungeon (7/15)             Temple (0/1) D:6

Altars:
Nemelex Xobeh
Pakellas
Trog
Vehumet

Shops:
D:5 [   D:6 (   D:7 :


Innate Abilities, Weirdness & Mutations

You are too large for most types of armour.
You have tough skin. (AC +1)


Message History

It is a scroll of amnesia.
You feel forgetful for a moment.
* * * LOW HITPOINT WARNING * * *
You feel sick. The killer bee stings you.
* * * LOW HITPOINT WARNING * * *
You are more poisoned.
The killer bee poisons you! The killer bee stings you.
* * * LOW HITPOINT WARNING * * *
The killer bee stings you but does no damage.
The killer bee closely misses you.
As you read the scroll labeled RYEVIBL MASSUO, it crumbles to dust.
It is a scroll of enchant armour.
Enchant which item? (? for menu, Esc to quit)
You don't have any such object.
Enchant which item? (? for menu, Esc to quit)
Your +0 cloak glows green for a moment.
* * * LOW HITPOINT WARNING * * *
You feel very sick. The killer bee stings you.
You die...

.##.##...##.........# #...#.
.##.##...##.........##* ###...
.##.##...##.........y.* ##.#
.##.............#****,* #.#
<##.##..###.....# *,*###** #.#
.##.##..# #.%..h# *,,....####.#
.##.#...###...yy# *,*..#....#.#
.##......#####yy#####.#.........#
......[.<.....yy@§§..?#.....#....
###....[.....>§##§..###..........
###...########*§.............##
##.## *...####...##### ### *####
####*


You could see 6 killer bees.

Vanquished Creatures
  Joseph (D:7)
  Menkaure (D:6)
  3 orc warriors
  2 phantoms (D:6)
  3 ogres
  2 centaurs (D:6)
  Blork the orc (D:6)
  2 giant frogs
  2 scorpions
  A killer bee (D:6)
  2 crimson imps
  A centaur zombie (D:5)
  A hound (D:7)
  4 orc priests
  A jelly (D:6)
  An iguana (D:7)
  11 orc wizards
  4 worker ants
  2 hound skeletons (D:5)
  4 gnolls
  6 adders
  2 oozes
  2 adder skeletons
  2 worms
  3 dart slugs
  7 giant geckos
  29 orcs
  7 giant cockroaches
  13 goblins
  7 hobgoblins
  4 jackals (D:2)
  9 kobolds
  2 quokkas
  2 ball pythons (D:1)
  11 bats
  9 giant newts
  A quokka skeleton (D:6)
  5 rats
170 creatures vanquished.

Notes
Turn   | Place    | Note
-------+----------+-------------------------------------------
     0 | D:1      | HAL9000 the Ogre Berserker began the quest for the Orb.
     0 | D:1      | Reached XP level 1. HP: 24/24 MP: 1/1
    63 | D:1      | Reached XP level 2. HP: 32/32 MP: 2/2
   445 | D:1      | Reached skill level 5 in Maces & Flails
   473 | D:1      | Reached ** piety under Trog
   473 | D:1      | Reached XP level 3. HP: 34/40 MP: 3/3
   925 | D:2      | Found a faded altar of an unknown god.
   952 | D:2      | Found a sparkling altar of Nemelex Xobeh.
  1116 | D:2      | Reached XP level 4. HP: 36/49 MP: 4/4
  1177 | D:2      | Found a radiant altar of Vehumet.
  1255 | D:2      | Reached skill level 6 in Maces & Flails
  1376 | D:2      | Reached *** piety under Trog
  1530 | D:3      | Reached skill level 5 in Fighting
  1577 | D:3      | Reached XP level 5. HP: 47/57 MP: 5/5
  1650 | D:3      | Found a bloodstained altar of Trog.
  1732 | D:3      | Reached skill level 7 in Maces & Flails
  2315 | D:4      | Reached XP level 6. HP: 55/67 MP: 6/6
  2318 | D:4      | Reached **** piety under Trog
  2646 | D:4      | Found an oddly glowing altar of Pakellas.
  2694 | D:4      | Reached skill level 8 in Maces & Flails
  2904 | D:4      | Reached XP level 7. HP: 53/76 MP: 7/7
  3252 | D:5      | Entered Level 5 of the Dungeon
  3258 | D:5      | Reached skill level 9 in Maces & Flails
  3467 | D:5      | Found Kevy's Magic Scroll Emporium.
  3678 | D:5      | Found Fitiupe's Antique Armour Shoppe.
  3803 | D:5      | Reached skill level 10 in Maces & Flails
  4042 | D:5      | Reached XP level 8. HP: 81/88 MP: 8/8
  4224 | D:6      | Noticed Blork the orc
  4233 | D:6      | Killed Blork the orc
  4289 | D:6      | Found a staircase to the Ecumenical Temple.
  4322 | D:6      | Reached skill level 11 in Maces & Flails
  4644 | D:6      | Found Begar's Antique Weapon Shop.
  4855 | D:6      | Noticed Menkaure
  4862 | D:6      | Killed Menkaure
  4966 | D:6      | Reached skill level 12 in Maces & Flails
  5146 | D:6      | Reached XP level 9. HP: 62/100 MP: 9/9
  5735 | D:7      | Found Huadwopu's Book Emporium.
  5775 | D:7      | Reached skill level 10 in Fighting
  6049 | D:7      | Reached skill level 13 in Maces & Flails
  6210 | D:7      | Noticed Joseph
  6234 | D:7      | Killed Joseph
  6451 | D:7      | HP: 3/102 [poisoned by a killer bee]
  6451 | D:7      | Slain by a killer bee

Vault maps used:
D:1:      dpeg_arrival_rooms_with_view
D:2:      kennysheep_the_goblin_king, vehumet_crystals, nemelex_altar_shiori,
          ecumenical_altar_1
D:3:      lemuel_round_altar, first_bread
D:4:      kennysheep_mini_moat, enter_ossuary_2
D:5:      serial_shops, nicolae_shop_waterfront, shop, serial_corexii_hall,
          corexii_hall_statues_x, corexii_hall_statues_l, corexii_hall_statues_x
D:6:      serial_shops, kennysheep_little_box, kennysheep_generic_room_2,
          uniq_blork_the_orc, uniq_menkaure
D:7:      zin_scriptorium, serial_shops, shop, uniq_joseph

Skill      XL: |  1  2  3  4  5  6  7  8  9 |
---------------+----------------------------+-----
Maces & Flails | 5 6 7 8 10 12 13 | 13.6
Fighting       | 5 6 7 9 10 | 10.4
Dodging        | |  2.6

Action                   |  1- 3 |  4- 6 |  7- 9 || total
-------------------------+-------+-------+-------++-------
Melee: Mace              |   136 |    90 |       ||   226
       Morningstar       |       |    95 |   204 ||   299
Throw: Large rock        |       |       |     3 ||     3
Invok: Berserk           |       |     4 |     5 ||     9
  Use: Potion            |       |       |     2 ||     2
       Scroll            |       |       |     7 ||     7
 Stab: Sleeping          |     2 |     7 |     7 ||    16
       Distracted        |       |       |     1 ||     1
  Eat: Chunk             |     1 |    10 |    14 ||    25
       Fruit             |       |       |     3 ||     3
Armor: Animal skin       |    42 |    47 |    22 ||   111
       Robe              |       |       |    15 ||    15
Dodge: Dodged            |    92 |    99 |   107 ||   298
